 Dungeon Crawl Stone Soup version 0.31-a0-963-ga325b2283a (webtiles) character file.

Game seed: 14981441106747241435

459 IdlyInterested the Changeling (level 6, -10/45 HPs)
             Began as a Demonspawn Shapeshifter on Oct 25, 2023.
             Mangled by Edmund
             ... wielding a +2 dire flail of protection
              (12 damage)
             ... on level 5 of the Dungeon.
             The game lasted 00:10:58 (2776 turns).

IdlyInterested the Changeling (DsSh)                Turns: 2776, Time: 00:10:59

Health: -10/45     AC:  6    Str: 13    XL:     6   Next: 78%
Magic:  6/6        EV:  9    Int: 16    God:
Gold:   113        SH:  0    Dex: 13    Spells: 5/5 levels left

rFire   + .          .
                       - Unarmed
rCold   . . .        (no shield)
rNeg    . . .        y - +0 scale mail
rPois   .            (helmet currently unavailable)
rElec   .            (cloak currently unavailable)
rCorr   .            D - melded +2 pair of gloves of the Sneaky Coins {rElec rPois rF++ Stlth+}
SInv    .            (boots currently unavailable)
Will    .....        (no amulet) Stlth
                     r - ring of protection from fire
HPRegen 0.27/turn    (no ring)
MPRegen 0.10/turn

%: no passive effects
@: beast-form
A: beast (slay +2), spiny 1, weakness stinger 1, horns 1, talons 1, clever 1
a: Begin Untransformation


You were on level 5 of the Dungeon.
You were a hulking beast.
You visited 2 branches of the dungeon, and saw 5 of its levels.

You collected 113 gold pieces.

Inventory:

Hand Weapons
 e - a +0 dagger
 m - a +0 falchion
 n - a +1 short sword of freezing
 o - a +0 morningstar
 B - a +2 short sword of draining
 C - a +0 hand axe
Missiles
 f - 44 stones (quivered)
 p - 3 poisoned darts
Armour
 a - a +0 animal skin
 x - a +0 ring mail
 y - a +0 scale mail (worn)
 D - the +2 pair of gloves of the Sneaky Coins (melded) {rElec rPois rF++ Stlth+}
   (You found it on level 5 of the Dungeon)

   rF++:      It greatly protects you from fire.
   rElec:     It insulates you from electricity.
   rPois:     It protects you from poison Stlth+: It makes you more stealthy.
Jewellery
 k - a ring of ice
 q - an amulet of magic regeneration
 r - a ring of protection from fire (left hand)
Talismans
 c - a beast talisman (active)
 d - a flux talisman
Scrolls
 g - a scroll of identify
 h - 2 scrolls of amnesia
 i - 5 scrolls of teleportation
 j - 2 scrolls of vulnerability
 u - a scroll of enchant armour
 v - 2 scrolls of fear
 z - a scroll of enchant weapon {unknown}
 A - a scroll of noise {unknown}
Potions
 b - a potion of lignification
 l - a potion of mutation
 s - a potion of degeneration
 t - a potion of cancellation {unknown}
 w - a potion of curing {unknown}


   Skills:
 + Level 2.3 Fighting
 - Level 1.0 Throwing
 - Level 1.0 Armour
 - Level 2.0 Dodging
 - Level 1.0 Stealth
 - Level 1.0 Shields
 - Level 4.0 Unarmed Combat
 - Level 1.0 Evocations
 * Level 4.9 Shapeshifting


You had 5 spell levels left.
You didn't know any spells.
Your spell library contained the following spells:

 Spells                   Type           Power      Damage    Failure   Level
 Apportation              Tloc           0%         N/A       77%         1
 Magic Dart               Conj           0%         1d3       77%         1
 Necrotise                Necr           0%         1d4       77%         1
 Summon Small Mammal      Summ           0%         N/A       77%         1
 Jinxbite                 Hex            0%         N/A       88%         2
 Searing Ray              Conj           0%         2d4       88%         2
 Fulminant Prism          Conj/Hex       0%         3d5       100%        4
 Alistair's Intoxication  Tmut/Pois      0%         N/A       100%        5


Dungeon Overview and Level Annotations

Branches:
Dungeon (5/15)             Temple (1/1) D:5

Altars:
Cheibriados
Dithmenos
Fedhas
Kikubaaqudgha
Nemelex Xobeh
Xom
Yredelemnul

Annotations:
D:5 Edmund


Innate Abilities, Weirdness & Mutations

You are a hulking beast.
Your limbs bulge with bestial killing power. (Slay +2)
You are partially covered in sharp spines.
You have a small tail.
You have a pair of small horns on your head.
You have sharp toenails.
Your mind is acute. (Int +4, Str/Dex -1)


Message History

You begin transforming.
You continue transforming. x3
Your transformation has ended.
You turn into a hulking beast.
You begin untransforming.
You continue untransforming. x3
Your transformation has ended.
You start putting on your armour.
You continue putting on the +2 pair of gloves of the Sneaky Coins {rElec rPois rF++ Stlth+}. x4
You finish putting on the +2 pair of gloves of the Sneaky Coins {rElec rPois rF++ Stlth+}.
You begin transforming.
You continue transforming. x3
You turn into a hulking beast.
The +2 pair of gloves of the Sneaky Coins {rElec rPois rF++ Stlth+} melds into your body.
Found a sling.
Edmund the Younger comes into view.
He is wielding a +2 dire flail of protection.
Found 8 gold pieces.
Edmund hits you with a +2 dire flail of protection!
You hit Edmund but do no damage. Your kick misses Edmund.
Edmund hits you with a +2 dire flail of protection!
You hit Edmund. You claw Edmund. You headbutt Edmund.
Edmund is moderately wounded.
Edmund is struck by your spines. Edmund closely misses you.
You hit Edmund but do no damage. You tail-slap Edmund!
Edmund is heavily wounded.
Edmund barely misses you.
You hit Edmund. You headbutt Edmund. You tail-slap Edmund, but do no damage.
Edmund is heavily wounded.
Edmund hits you with a +2 dire flail of protection.
You barely miss Edmund. You claw Edmund. Your headbutt misses Edmund.
You tail-slap Edmund, but do no damage.
Edmund is severely wounded.
Edmund hits you with a +2 dire flail of protection!
* * * LOW HITPOINT WARNING * * *
You hit Edmund but do no damage. You claw Edmund, but do no damage.
Edmund is severely wounded.
Edmund hits you with a +2 dire flail of protection!
* * * LOW HITPOINT WARNING * * *
You hit Edmund but do no damage. You headbutt Edmund, but do no damage.
Edmund is severely wounded.
Edmund hits you with a +2 dire flail of protection!
You die...
Edmund says, "That'll show my brother!"

#..#.#...###### .......
##...#......... .......#
##..#..[......
.....$.######.....†)[...
.......#... #.>.........
..........# #.##........
...)....# #.##........
#.....# #.##........
#..h..# #.....#.####
#..@.#..#####.#.....
#.#### # #.######
#####.####.# #.# #
#..........# #.# #
#.####.##### #.# #
#.#..#.# #.# # #.#....#
#.# #
#.#.#############.# #


You could see Edmund.

Vanquished Creatures
  A black bear (D:5)
  A scorpion (D:3)
  A jelly (D:5)
  3 orc priests (D:3)
  A hound (D:5)
  Jessica (D:3)
  An iguana (D:5)
  2 adders
  2 worms (D:2)
  3 dart slugs
  11 orcs
  6 bats
  3 endoplasms
  4 giant cockroaches
  3 goblins
  4 hobgoblins (D:1)
  9 jackals
  2 quokkas
  4 ball pythons
  A frilled lizard (D:3)
  6 kobolds
  5 rats
74 creatures vanquished.

Vanquished Creatures (others)
  A rat (D:3)
1 creature vanquished.

Grand Total: 75 creatures vanquished

Notes
Turn   | Place    | Note
-------+----------+-------------------------------------------
     0 | D:1      | IdlyInterested the Demonspawn Shapeshifter began the quest
                  | for the Orb.
     0 | D:1      | Reached XP level 1. HP: 15/15 MP: 1/1
   100 | D:1      | Gained mutation: You have a small tail. [demonic ancestry]
   100 | D:1      | Reached XP level 2. HP: 9/21 MP: 2/2
   202 | D:1      | Reached skill level 1 in Armour
   502 | D:1      | Reached XP level 3. HP: 26/26 MP: 3/3
   914 | D:2      | Gained mutation: Your mind is acute. (Int +4, Str/Dex -1)
                  | [potion of mutation]
   914 | D:2      | Gained mutation: You have a pair of small horns on your
                  | head. [potion of mutation]
   914 | D:2      | Gained mutation: You have sharp toenails. [potion of
                  | mutation]
   974 | D:2      | Reached skill level 1 in Stealth
  1014 | D:2      | Found a blossoming altar of Fedhas.
  1524 | D:2      | Gained mutation: You are partially covered in sharp spines.
                  | [demonic ancestry]
  1524 | D:2      | Reached XP level 4. HP: 32/32 MP: 4/4
  1835 | D:3      | Noticed Jessica
  1837 | D:3      | Killed Jessica
  1838 | D:3      | Reached skill level 1 in Shields
  1907 | D:3      | Noticed a scorpion
  1922 | D:3      | Killed a scorpion
  1923 | D:3      | Reached skill level 1 in Evocations
  1923 | D:3      | Reached XP level 5. HP: 19/37 MP: 5/5
  2050 | D:3      | Reached skill level 1 in Throwing
  2071 | D:3      | Reached XP level 6. HP: 11/44 MP: 6/6
  2400 | D:3      | You fall into a shaft and drop 2 floors!
  2400 | D:5      | Entered Level 5 of the Dungeon
  2400 | D:5      | Found a staircase to the Ecumenical Temple.
  2431 | Temple   | Entered the Ecumenical Temple
  2718 | D:5      | Identified the +2 pair of gloves of the Sneaky Coins {rElec
                  | rPois rF++ Stlth+}
  2767 | D:5      | Noticed Edmund
  2775 | D:5      | HP: 2/45 [Edmund/+2 dire flail of protection (9)]
  2776 | D:5      | Mangled by Edmund

Illustrated notes

Levels and vault maps discovered:
D:1:      roderic_dead_forest, layout_rooms
D:2:      layout_basic, basic_altar, kennysheep_generic_room_2
D:3:      layout_basic, general_overflow_altar, mainiacjoe_overflow_swirl,
          minmay_misc_feat_room, uniq_crazy_yiuf_cottage, uniq_jessica,
          uniq_sigmund
D:5:      layout_basic, minmay_temple_entry_sparse_star, uniq_grinder,
          uniq_edmund
Temple:   hellmonk_temple_two_chambers

Skill      XL: |  1  2  3  4  5  6 |
---------------+-------------------+-----
Shapeshifting  | 3 4 |  4.9
Armour         | 1 |  1.0
Unarmed Combat | 3 4 |  4.0
Stealth        | 1 |  1.0
Shields        | 1 |  1.0
Evocations     | 1 |  1.0
Throwing       | 1 |  1.0
Fighting       | 2 |  2.3
Dodging        | 2 |  2.0

Action                     |  1- 3 |  4- 6 || total
---------------------------+-------+-------++-------
  Melee: Unarmed           |   118 |    64 ||   182
         Tailslap          |     7 |     9 ||    16
         Punch             |     3 |     2 ||     5
         Headbutt          |     7 |    15 ||    22
         Kick              |     6 |    16 ||    22
  Throw: Stone             |     3 |     3 ||     6
    Use: Scroll            |     5 |       ||     5
         Potion            |     3 |     2 ||     5
   Stab: Invisible         |       |     2 ||     2
 Armour: Animal skin       |    61 |       ||    61
         Ring mail         |       |    15 ||    15
         Scale mail        |       |    29 ||    29
  Dodge: Dodged            |    70 |    36 ||   106
   Form: Beast             |       |     2 ||     2
                           |       |     1 ||     1

Table legend: (Time is in decaauts)
 A = Elapsed time spent in this place.
 B = Non-inter-level travel time spent in this place.
 C = Inter-level travel time spent in this place.
 D = Time resting spent in this place.
 E = Time spent auto-exploring this place.
 F = Levels seen in this place.
 G = Mean time per level.
                   A        B        C        D        E       F      G
               +--------+--------+--------+--------+--------+-----+--------+
         Total |   2765 |   2483 |    282 |    379 |   1308 |   5 |  553.0 |
       Dungeon |   2750 |   2468 |    282 |    379 |   1308 |   4 |  687.5 |
        Temple |     15 |     15 |      0 |      0 |      0 |   1 |   15.0 |
               +--------+--------+--------+--------+--------+-----+--------+

Top non-repeatable levels by time:
     D:2: 975 daAuts
     D:1: 915 daAuts
     D:3: 500 daAuts
     D:5: 358 daAuts
  Temple: 15 daAuts
